Map: Shrines of Lizul

Players

PureLegacy - Winner!

  • Race: Terran Terran
  • Spawn Location: 6:00

LOADBLASTER - Winner!

  • Race: Terran Terran
  • League: Grandmaster
  • Spawn Location: 9:00

ИносГотик

  • Race: Zerg Zerg
  • League: Diamond
  • Spawn Location: 3:00

dempfer

  • Race: Terran Terran
  • League: Diamond
  • Spawn Location: 12:00

VOD

Have the link to the VOD?

Description

Time

  • Played on: Nov. 29, 2018, 6:38 a.m.
  • Length: 4:54
Show
View Real Time Build Order
Export as new Build Order

PureLegacy Terran - Winner!

Build Orders:  

Get SALT Encoding   

  12  0:02  SCV  
  13  0:14  SCV  
  14  0:18  Supply Depot  
  14  0:26  SCV  
  15  0:30  Refinery  
  15  0:40  SCV  
  16  0:46  Barracks  
  16  0:52  SCV  
  17  1:02  Barracks  
  17  1:16  Barracks  
  17  1:21  SCV  
  18  1:33  Reaper  
  18  1:39  Orbital Command  
  19  1:46  Refinery  
  19  1:50  Reaper  
  20  2:04  Supply Depot, Reaper  
  21  2:08  Reaper  
  21  2:12  SCV  
  23  2:26  Reaper, SCV  
  25  2:32  Supply Depot  
  25  2:36  Reaper  
  26  2:38  SCV  
  26  2:43  Reaper  
  29  2:58  Reaper  
  29  3:05  SCV  
  30  3:08  Reaper  
  31  3:13  Command Center  
  31  3:15  Reaper  
  31  3:22  Command Center  
  31  3:26  SCV  
  32  3:35  Reaper  
  32  3:40  Reaper  
  34  3:55  Reaper  
  35  3:59  Barracks x2  
  35  4:14  Reaper x2  
  36  4:25  Supply Depot  
Show
View Real Time Build Order
Export as new Build Order

LOADBLASTER Terran - Winner!

Build Orders: Cyclone Opening 

Get SALT Encoding   

  12  0:01  SCV  
  13  0:13  SCV  
  14  0:18  Supply Depot  
  14  0:25  SCV  
  15  0:30  Refinery  
  15  0:39  SCV  
  16  0:46  Barracks  
  16  0:51  SCV  
  17  0:58  Refinery  
  17  1:03  SCV  
  18  1:16  SCV  
  19  1:34  Reaper, Orbital Command  
  20  1:42  Factory  
  20  1:50  Supply Depot  
  20  2:00  SCV  
  21  2:11  Barracks Tech Lab  
  21  2:12  SCV  
  22  2:25  SCV  
  23  2:33  Command Center  
  23  2:36  Cyclone  
  26  2:39  SCV  
  27  2:45  Mag-Field Accelerator  
  27  2:52  Supply Depot  
  27  2:57  SCV  
  28  3:09  Cyclone  
  31  3:13  SCV  
  31  3:14  Barracks Reactor  
  32  3:25  SCV  
  33  3:37  SCV  
  33  3:38  Factory  
  34  3:43  Refinery  
  34  3:47  Orbital Command  
  34  3:49  SCV  
  35  4:02  SCV  
  36  4:12  Barracks Tech Lab  
  36  4:13  Factory, Hellion x2  
  36  4:14  SCV x2  
  42  4:23  Supply Depot  
  42  4:26  SCV  
  42  4:27  SCV  
  44  4:38  SCV  
  47  4:39  SCV  
  47  4:45  Supply Depot  
Show
View Real Time Build Order
Export as new Build Order

ИносГотик Zerg 

Build Orders: Hatch First 

Get SALT Encoding   

  12  0:00  Drone  
  13  0:08  Drone  
  14  0:18  Overlord  
  14  0:37  Drone x3  
  17  0:57  Hatchery  
  17  1:02  Drone x2  
  18  1:19  Spawning Pool  
  18  1:21  Extractor  
  16  1:41  Drone x2  
  16  1:42  Drone  
  19  1:55  Overlord  
  19  2:05  Queen  
  19  2:06  Zergling x2  
  22  2:14  Spine Crawler  
  22  2:15  Zergling x2  
  22  2:17  Queen  
  22  2:18  Zergling x2  
  25  2:23  Zergling x2  
  26  2:32  Zergling x4  
  26  2:34  Metabolic Boost  
  28  2:40  Zergling x2  
  29  2:54  Zergling x6  
  32  3:01  Zergling x2  
  31  3:13  Zergling x4  
  31  3:19  Overlord x2  
  28  3:47  Zergling x2  
  28  3:48  Zergling x14  
  31  3:53  Zergling x2  
  31  3:54  Zergling x6  
  28  4:17  Zergling x8  
  28  4:18  Zergling x2  
  30  4:24  Zergling x4  
  30  4:31  Zergling x10  
Show
View Real Time Build Order
Export as new Build Order

dempfer Terran 

Build Orders:  

Get SALT Encoding   

  12  0:02  SCV  
  13  0:14  SCV  
  14  0:23  Supply Depot  
  14  0:26  SCV  
  15  0:33  Refinery  
  15  0:44  SCV  
  15  0:47  Barracks  
  16  0:56  SCV  
  17  1:08  SCV  
  18  1:21  SCV  
  19  1:32  Barracks  
  19  1:37  Orbital Command  
  19  1:38  Barracks  
  19  1:42  Reaper  
  20  1:49  Supply Depot  
  20  2:04  SCV  
  21  2:15  Reaper  
  22  2:19  SCV  
  22  2:22  Reaper  
  24  2:25  Reaper  
  24  2:47  Reaper  
  24  2:55  Reaper  
  15  3:07  Reaper  
  3  3:37  SCV  
Tags
 
Add a new tag
Caveats
  • Supply blocks, unpowered buildings, or Contaminate may cause inaccurate times.
  • Supply counts are checked every 10 seconds.